 Dungeon Crawl Stone Soup version 0.21.2 (console) character file.

614 toffzen the Skirmisher (level 7, 0/74 HPs)
             Began as an Ogre Transmuter on Oct 22, 2018.
             Slain by a killer bee (4 damage)
             ... on level 4 of the Dungeon.
             The game lasted 00:14:21 (5394 turns).

toffzen the Skirmisher (Ogre Transmuter)            Turns: 5394, Time: 00:14:22

Health: 0/74       AC:  3    Str: 15    XL:     7   Next: 44%
Magic:  10/10      EV: 11    Int: 16    God:
Gold:   279        SH:  0    Dex:  9    Spells: 6/10 levels left

rFire    . . .     SeeInvis .     - Unarmed
rCold    . . .     Gourm    .   (no shield)
rNeg     . . .     Faith    .   b - +0 robe
rPois    .         Spirit   .   (helmet restricted)
rElec    .         Reflect  .   (no cloak)
rCorr    +         Harm     .   (gloves unavailable)
MR       .....                  (boots unavailable)
Stlth    +.........             (no amulet)
HPRegen  0.22/turn              p - ring of resist corrosion
MPRegen  0.12/turn              (no ring)

@: lethally poisoned (0 -> -2), about to teleport
A: large, unfitting armour, tough skin 1
a: no special abilities


You were on level 4 of the Dungeon.
You were not hungry.

You visited 1 branch of the dungeon, and saw 5 of its levels.

You collected 279 gold pieces.

Inventory:

Missiles
 a - 101 arrows
 g - 90 stones (quivered)
Armour
 b - a +0 robe (worn)
Jewellery
 n - an uncursed amulet of magic regeneration {unknown}
 p - a ring of resist corrosion (left hand)
Wands
 s - a wand of disintegration (3)
Scrolls
 h - 2 scrolls of remove curse
 j - a scroll of amnesia {unknown}
 k - a scroll of teleportation
 l - a scroll of magic mapping {unknown}
 m - a scroll of random uselessness {unknown}
 r - a scroll of blinking {unknown}
Potions
 f - 3 potions of flight
 t - a potion of might
Books
 c - a book of Changes

   Spells                             Type                      Level
   a - Beastly Appendage              Transmutation                1
   b - Sticks to Snakes               Transmutation                2
   c - Spider Form                    Transmutation/Poison         3
   d - Ice Form                       Ice/Transmutation            4
   e - Blade Hands                    Transmutation                5
 o - a book of Maledictions

   Spells                             Type                      Level
   a - Corona                         Hexes                        1
   b - Ensorcelled Hibernation        Hexes/Ice                    2
   c - Confuse                        Hexes                        3
   d - Tukima's Dance                 Hexes                        3
   e - Dazzling Spray                 Conjuration/Hexes            3
Comestibles
 d - 3 rations
 q - 16 chunks of flesh


   Skills:
 + Level 5.6 Fighting
 + Level 3.8 Dodging
 + Level 4.6 Unarmed Combat
 - Level 2.4 Spellcasting
 + Level 3.0 Transmutations
 - Level 1.1 Poison Magic


You had 6 spell levels left.
You knew the following spells:

 Your Spells              Type           Power        Failure   Level  Hunger
a - Beastly Appendage     Tmut           ##....       6%          1    #......
b - Spider Form           Tmut/Pois      #.........   26%         3    ###....


Dungeon Overview and Level Annotations

Branches:
Dungeon (5/15)
 Temple: D:4-7

Altars:
Nemelex Xobeh
Trog
Xom

Annotations:
D:5 Prince Ribbit


Innate Abilities, Weirdness & Mutations

You are too large for most types of armour.
You have tough skin. (AC +1)


Message History

Okay, then.
As you read the scroll of identify, it crumbles to dust.
f - 3 potions of flight The killer bee stings you!
* * * LOW HITPOINT WARNING * * *
You are poisoned.
The killer bee poisons you! The killer bee closely misses you. x2
The killer bee stings you.
* * * LOW HITPOINT WARNING * * *
Okay, then.
Okay, then.
Evoke which item? (* to show all) (? for menu, Esc to quit)
Aiming: Disintegrate
Press: ? - help, Shift-Dir - straight line, f - killer bee
Aim: a killer bee (chance to defeat MR: 73%)
The killer bee is blasted.
You blow up the killer bee!
Your Transmutations skill increases to level 3!
You feel sick. The killer bee stings you.
You die...

##.)).........##
###...#
#.[....<.....'###...###
#............##...###
#.............###...###
##..##+##.....# ###...#
##.##.##.##### ##...
#..#.##.....# ###...#
##.#.##########...###
#.......# #...###
##.y###.####..##.#
#(@###...##.....#
####...#.##########
#.#.........#...
#.###)#####.#.##
#.....# #.#.#.
###########.....
#.........#<
#.##########
#.#####.....
#.....#.#### ####.##.#


You could see a killer bee.

Vanquished Creatures
  An ogre (D:4)
  A phantom (D:4)
  A killer bee (D:4)
  A centaur skeleton (D:5)
  An orc priest (D:4)
  An orc wizard (D:4)
  Ijyb (D:3)
  Natasha (thrice) (D:2)
  2 worker ants (D:4)
  A mummy (D:4)
  5 adders
  2 oozes
  A worm (D:3)
  3 dart slugs
  2 leopard geckos
  7 orcs
  3 ball pythons
  4 bats
  7 giant cockroaches
  8 goblins
  4 hobgoblins
  8 jackals
  3 quokkas (D:2)
  15 frilled lizards
  6 kobolds
  6 rats
97 creatures vanquished.

Vanquished Creatures (others)
  A plant (D:3)
1 creature vanquished.

Grand Total: 98 creatures vanquished

Notes
Turn   | Place    | Note
-------+----------+-------------------------------------------
     0 | D:1      | toffzen the Ogre Transmuter began the quest for the Orb.
     0 | D:1      | Reached XP level 1. HP: 19/19 MP: 3/3
   131 | D:1      | Reached skill level 2 in Fighting
   192 | D:1      | Reached XP level 2. HP: 22/28 MP: 5/5
   434 | D:1      | Found a shimmering altar of Xom.
   813 | D:1      | Reached XP level 3. HP: 27/36 MP: 6/6
   889 | D:1      | Learned a level 3 spell: Spider Form
  1318 | D:2      | Reached skill level 1 in Poison Magic
  1510 | D:2      | Found a bloodstained altar of Trog.
  1572 | D:2      | Noticed Natasha
  1584 | D:2      | Killed Natasha
  1584 | D:2      | Reached skill level 3 in Fighting
  1584 | D:2      | Reached XP level 4. HP: 22/45 MP: 3/7
  1612 | D:2      | Noticed Natasha
  1618 | D:2      | Killed Natasha
  2065 | D:2      | Reached XP level 5. HP: 54/54 MP: 4/8
  2307 | D:2      | Noticed Natasha
  2313 | D:2      | Killed Natasha
  2315 | D:2      | Reached skill level 4 in Fighting
  3315 | D:3      | Noticed Ijyb
  3331 | D:3      | Killed Ijyb
  3331 | D:3      | Reached XP level 6. HP: 41/63 MP: 6/9
  3441 | D:3      | Found a sparkling altar of Nemelex Xobeh.
  3538 | D:4      | Noticed a phantom
  3565 | D:4      | Killed a phantom
  3728 | D:4      | Reached skill level 5 in Fighting
  4097 | D:4      | Reached XP level 7. HP: 13/72 MP: 2/10
  5207 | D:5      | Entered Level 5 of the Dungeon
  5209 | D:5      | Noticed Prince Ribbit
  5394 | D:4      | Slain by a killer bee

Skill      XL: |  1  2  3  4  5  6  7 |
---------------+----------------------+-----
Fighting       | 2 3 4 5 |  5.6
Unarmed Combat | 3 4 |  4.6
Transmutations | 2 3 |  3.0
Poison Magic   | 1 |  1.1
Dodging        | 2 3 |  3.8
Spellcasting   | |  2.4

Action                   |  1- 3 |  4- 6 |  7- 9 || total
-------------------------+-------+-------+-------++-------
Melee: Unarmed           |   116 |   166 |    57 ||   339
       Punch             |     1 |       |       ||     1
       Headbutt          |     2 |       |       ||     2
 Cast: Beastly Appendage |     2 |       |       ||     2
       Spider Form       |     1 |    20 |    10 ||    31
 Abil: End Transformatio |       |     2 |     1 ||     3
Evoke: Wand              |       |       |     1 ||     1
  Use: Scroll            |     3 |     4 |     2 ||     9
       Potion            |       |     3 |     2 ||     5
  Eat: Chunk             |     1 |     5 |     3 ||     9
       Ration            |     1 |     1 |     1 ||     3
Armor: Robe              |    31 |    15 |     5 ||    51
       Skin              |     3 |     7 |     4 ||    14
Dodge: Dodged            |    69 |    98 |    64 ||   231
